[Event "8th Brazilian Open SESC Caioba 2024"]
[Site "Caioba"]
[Date "2024.06.25"]
[Round "3.1"]
[White "Mekhitarian, Krikor Sevag"]
[Black "Rodrigues, Edgar"]
[Result "1-0"]
[ECO "B42"]
[WhiteElo "2554"]
[BlackElo "2229"]
[Annotator "TA"]
[PlyCount "93"]
[EventDate "2024.06.15"]
[EventCountry "BRA"]
[SourceTitle "playchess.com"]
[Source "ChessBase"]
[SourceQuality "1"]
[TimeControl "5400+30"]

1. e4 c5 2. Nf3 e6 3. d4 cxd4 4. Nxd4 a6 5. Bd3 b5 6. a4 b4 7. O-O {[%emt 0:00:50] White is more active.} Qb6 8. Nb3 {[%emt 0:11:27] White is better.} Nc6 9. a5 Qc7 10. Be3 Nf6 11. N1d2 d5 {[%emt 0:12:32] Dodges Nc4} 12. Bb6 Qf4 13. exd5 Nxd5 14. Be4 Be7 15. Re1 $36 {[%emt 0:15:10][%mdl 2048] White is in control.} O-O 16. Nc4 Bf6 $2 (16... Bb7 $16 {was necessary.}) 17. Bxd5 $18 exd5 18. Qxd5 Be6 (18... Bf5 $142) 19. Rxe6 $1 fxe6 20. Qxc6 Kh8 21. Be3 Qg4 {[%emt 0:02:27] [#] And now ...Rfc8 would win.} 22. Nbd2 Rfc8 23. Qf3 Qxf3 24. gxf3 Rc6 25. Re1 Rd8 26. b3 Bc3 27. Re2 h6 28. f4 Rd5 29. Kg2 Kh7 30. Ne4 Bf6 31. Nxf6+ gxf6 32. Bd2 Rb5 33. Re3 Kg6 34. Rd3 h5 35. Kf3 Rd5 36. Bxb4 Rxd3+ 37. cxd3 Rc7 38. Bd6 Rd7 39. b4 Kf5 40. d4 Rg7 41. Bc5 Rg1 {[%emt 0:00:43] [#]} 42. b5 $1 axb5 (42... e5 43. bxa6) 43. Nd6+ Kg6 44. f5+ exf5 45. Nxb5 {[%emt 0:00:03] White wants to mate with a6. White is clearly winning.} Rb1 46. Na3 Rb3+ 47. Ke2 {[%emt 0:01:07] Black did not feel at home in the position after the opening.   Weighted Error Value: White=0.10 (very precise) /Black=0.31.  Mistake:       	---       	Black=2      Inaccurate:     	---       	Black=2      OK:         	White=14    	Black=6      Best:        	White=1     	Black=3      Strong:       	White=1     	---} 1-0

[Event "8th Brazilian Open SESC Caioba 2024"]
[Site "Caioba"]
[Date "2024.06.25"]
[Round "3.2"]
[White "Rodi, Luis Ernesto"]
[Black "Hernandez Guerrero, Gilberto"]
[Result "1/2-1/2"]
[ECO "B56"]
[WhiteElo "2208"]
[BlackElo "2506"]
[Annotator "TA"]
[PlyCount "29"]
[EventDate "2024.06.15"]
[EventCountry "BRA"]
[SourceTitle "playchess.com"]
[Source "ChessBase"]
[SourceQuality "1"]
[TimeControl "5400+30"]

1. e4 c5 2. Nf3 Nc6 3. d4 cxd4 4. Nxd4 Nf6 5. Nc3 d6 6. f3 Qb6 7. Be3 a6 8. Qd2 Nxd4 {[%emt 0:04:40] White is slightly better.} 9. Bxd4 Qa5 10. Bc4 ({White should try} 10. Qf2 $16) 10... e5 $11 11. Be3 Be6 12. Nd5 Qxd2+ 13. Kxd2 Rc8 {[%emt 0:03:59] Prevents Nc7+.} 14. Bb3 Bxd5 15. Bxd5 {[%emt 1:10:55] Weighted Error Value: White=0.17 (very precise) /Black=0.07 (flawless) .  Mistake:       	White=1     	---        Inaccurate:     	---       	Black=1      OK:         	White=1     	Black=2      Best:        	---       	Black=2} 1/2-1/2

[Event "8th Brazilian Open SESC Caioba 2024"]
[Site "Caioba"]
[Date "2024.06.25"]
[Round "3.4"]
[White "Duarte Napoles, Fanny"]
[Black "Di Berardino, Diego Rafael"]
[Result "0-1"]
[ECO "A36"]
[WhiteElo "2202"]
[BlackElo "2473"]
[Annotator "TA"]
[PlyCount "92"]
[EventDate "2024.06.15"]
[EventCountry "BRA"]
[SourceTitle "playchess.com"]
[Source "ChessBase"]
[SourceQuality "1"]
[TimeControl "5400+30"]

1. c4 g6 2. Nc3 c5 3. g3 Bg7 4. Bg2 Nc6 5. e3 d6 6. Nge2 e5 7. Nd5 Nge7 8. Nec3 O-O 9. O-O a6 {[%emt 0:01:38] The position is equal.} 10. a3 Rb8 11. b4 cxb4 ({Black should try} 11... b5) 12. axb4 $11 Nxd5 13. Nxd5 Be6 14. Ba3 b5 15. d3 Ne7 16. Nxe7+ Qxe7 17. cxb5 axb5 18. Bb2 d5 19. Qd2 Rfc8 20. Rfc1 Qd6 21. h4 h5 22. Bc3 d4 23. exd4 exd4 24. Bb2 Bf8 25. Rab1 Rxc1+ ({But not} 25... Qxb4 26. Qxb4 Bxb4 27. Rxc8+ Rxc8 28. Bxd4 $14) 26. Bxc1 Rc8 27. Be4 Bd5 28. Bxd5 Qxd5 29. Qd1 (29. Ra1 $1 $15 {feels stronger.}) 29... Rc3 $17 30. Bb2 Rb3 31. Ba1 (31. Qe2 $17) 31... Rxb4 $19 32. Rc1 Ra4 33. Bb2 Ra2 34. Rb1 b4 35. Bc1 (35. Qd2 {might work better.}) 35... Qf5 $2 (35... Bd6 $19 {[%cal Od6g3] ...Bxg3! would now be deadly.} 36. Bf4 Bf8 (36... Bxf4 $2 37. gxf4 Qb7 38. Rb3 $19)) 36. Bb2 $17 Qd5 $2 {[%emt 0:00:41] Repels Qb3. Black is much more active.} (36... Bc5 $17 37. Qb3 Qe6 38. Qxe6 fxe6) 37. Bc1 $19 Bd6 {[%emt 0:00:41][%cal Od6g3] [#] Hoping for ...Bxg3!} 38. Bd2 b3 39. Qe1 ({Much worse is} 39. Rxb3 Rxd2 40. Qxd2 Qxb3) (39. Be1 $142 b2 40. Kh2) 39... Kg7 {[%emt 0:01:21][%cal Og6g5] ...g5! is the strong threat.} 40. Qd1 Rc2 41. Qe1 (41. Rc1 $142 Rxc1 42. Bxc1) 41... b2 42. Qd1 Qc6 {[%emt 0:00:06] Threatens to win with ...Kh7.} 43. Kh2 {[%emt 0:01:34] [#]} Bb4 $1 {[%emt 0:00:57][%mdl 512] Black mates.} 44. Be1 (44. Rxb2 Rxb2) 44... Bxe1 45. Qxe1 Rc1 46. Qe5+ Kh7 {[%emt 0:00:04] Weighted Error Value: White=0.73/Black=0.34.  Missed win:     	---       	Black=1      Mistake:       	White=5     	Black=2      Inaccurate:     	White=4     	Black=3      OK:         	White=6     	Black=14     Best:        	White=3     	Black=2} 0-1

[Event "8th Brazilian Open SESC Caioba 2024"]
[Site "Caioba"]
[Date "2024.06.25"]
[Round "3.5"]
[White "Santiago, Yago De Moura"]
[Black "Luz, Arthur Nader"]
[Result "1/2-1/2"]
[ECO "E70"]
[WhiteElo "2462"]
[BlackElo "2172"]
[Annotator "TA"]
[PlyCount "86"]
[EventDate "2024.06.15"]
[EventCountry "BRA"]
[SourceTitle "playchess.com"]
[Source "ChessBase"]
[SourceQuality "1"]
[TimeControl "5400+30"]

1. d4 Nf6 2. c4 c5 3. d5 e6 4. Nc3 d6 5. e4 g6 6. Bd3 Bg7 7. Bg5 h6 8. Bd2 O-O 9. Nge2 {[%emt 0:01:18] White is slightly better.} Nbd7 10. f4 {[%emt 0:05:16] Dodges Ne5. White wants to play dxe6.} e5 11. O-O (11. f5 $14) 11... exf4 $11 12. Bxf4 Qe7 13. Ng3 {[%emt 0:00:32][%cal Be2g3,Bg3h1,Bh1f2,Bf2g4][%mdl 32] Prevents Nh5} Ne5 (13... h5 {looks sharper.} 14. Bg5 Qe5 15. Qd2 Ng4) 14. Be2 Nh7 15. Qd2 h5 16. Rae1 h4 17. Nh1 f5 18. exf5 Bxf5 19. Nf2 g5 20. Bxe5 Bxe5 21. Bd3 Qg7 22. Bxf5 Rxf5 23. Ng4 Bd4+ 24. Kh1 Rxf1+ 25. Rxf1 Rf8 26. Re1 Nf6 $40 {[%emt 0:00:54][%mdl 128] Black attacks.} 27. Qd1 (27. Nxf6+ $11 Qxf6 28. Qe2 (28. Ne4 $2 {gets mated.} Qf1+ 29. Rxf1 Rxf1#)) 27... Nxg4 $17 (27... Bxc3 {seems wilder.} 28. bxc3 Nxg4 29. Qxg4 Qe5) 28. Qxg4 Qf6 {[%emt 0:07:11][%cal Of6f1] ( -> ...Qf1+!)} (28... Bxc3 $5 29. bxc3 Qe5 30. Qe6+ Qxe6 31. dxe6 Kg7 $15) 29. Qe6+ (29. Qe2 $1 $15) 29... Qxe6 $1 30. dxe6 {[%emt 0:00:07] e7 is the strong threat.} Bxc3 $1 31. bxc3 {[%emt 0:00:02][%mdl 4096] Endgame. KR-KR} Re8 32. g3 hxg3 $1 33. hxg3 Kg7 $1 34. Kg2 Kf6 35. Rh1 (35. Rf1+ Kxe6 36. Rd1 Rf8 37. Re1+ Kd7 $19) 35... Re7 36. Kf3 Rxe6 37. Rh7 Re7 38. Rh6+ Ke5 39. Rg6 {[%emt 0:03:46] [#]} (39. Kg4 $17) 39... Kf5 ({Black should try} 39... Rf7+ $1 $19 40. Kg4 a5 41. Rxg5+ Ke4) 40. Rxd6 (40. Rg8 $17 {was necessary.}) 40... g4+ $19 41. Kf2 {[%emt 0:00:06] [#]} b6 $1 42. Rd5+ Kf6 $2 (42... Ke4 $19 {And now ...Rf7+ would win.} 43. Rd8 Rh7) 43. Rd6+ $1 $11 Kf5 {[%emt 0:05:39] Weighted Error Value: White=0.19 (very precise) /Black=0.14 (very precise) .  Missed win:     	---       	Black=1      Mistake:       	White=5     	Black=1      Inaccurate:     	White=3     	Black=1      OK:         	White=12    	Black=14     Best:        	White=2     	Black=4      Strong:       	White=1     	Black=4} 1/2-1/2

[Event "8th Brazilian Open SESC Caioba 2024"]
[Site "Caioba"]
[Date "2024.06.25"]
[Round "3.6"]
[White "Acosta, Pablo Ismael"]
[Black "Amura, Claudia"]
[Result "1/2-1/2"]
[ECO "A13"]
[WhiteElo "2449"]
[BlackElo "2167"]
[Annotator "TA"]
[PlyCount "31"]
[EventDate "2024.06.15"]
[EventCountry "BRA"]
[SourceTitle "playchess.com"]
[Source "ChessBase"]
[SourceQuality "1"]
[TimeControl "5400+30"]

1. Nf3 Nf6 2. c4 e6 3. b3 b6 4. Bb2 Bb7 5. e3 Be7 6. Be2 O-O 7. O-O d6 8. Nc3 Nbd7 9. Qc2 c5 10. Rad1 Rc8 11. Qb1 {[%emt 0:02:14] White has an edge.} Qc7 12. d4 d5 13. cxd5 Nxd5 14. Nxd5 Bxd5 15. e4 Bb7 16. Bc4 {[%emt 0:14:49] An uneventful encounter.   Weighted Error Value: White=0.12 (very precise) /Black=0.05 (flawless) .  Inaccurate:     	White=3     	---        OK:         	White=2     	Black=2} 1/2-1/2

[Event "8th Brazilian Open SESC Caioba 2024"]
[Site "Caioba"]
[Date "2024.06.25"]
[Round "3.7"]
[White "Tsuboi, Edson Kenji"]
[Black "Cubas, Jose Fernando"]
[Result "0-1"]
[ECO "B32"]
[WhiteElo "2193"]
[BlackElo "2417"]
[Annotator "RC"]
[PlyCount "79"]
[EventDate "2024.06.15"]
[EventCountry "BRA"]
[SourceTitle "playchess.com"]
[Source "ChessBase"]
[SourceQuality "1"]
[TimeControl "5400+30"]

1. e4 c5 2. Nf3 Nc6 3. d4 cxd4 4. Nxd4 e5 5. Nb5 d6 6. N1c3 a6 7. Na3 Be6 8. Nc4 Rb8 9. Nd5 Bxd5 10. exd5 Nce7 11. a4 Nf6 12. Ne3 g6 13. Be2 Bg7 14. a5 O-O 15. O-O Ne8 16. Nc4 Nc7 17. Nb6 f5 18. c3 Kh8 19. Kh1 Na8 20. Nxa8 Rxa8 21. Bg5 Bf6 22. Bxf6+ Rxf6 23. c4 g5 24. g3 g4 25. f3 gxf3 26. Rxf3 Ng6 27. Qb3 Qe7 28. Raf1 Raf8 29. Qc3 f4 30. gxf4 Nxf4 31. Qe3 Qe8 32. Bd1 Qg6 33. Rg1 Qf5 34. Rfg3 Rh6 35. Qf2 Qc8 36. Bg4 Qxc4 37. Be6 Qe4+ 38. R1g2 Rg6 39. Rxg6 hxg6 40. Qh4+ 0-1

[Event "8th Brazilian Open SESC Caioba 2024"]
[Site "Caioba"]
[Date "2024.06.25"]
[Round "3.8"]
[White "Sunye Neto, Jaime"]
[Black "Federzoni, Enzo"]
[Result "1/2-1/2"]
[ECO "A36"]
[WhiteElo "2398"]
[BlackElo "2164"]
[Annotator "RC"]
[PlyCount "60"]
[EventDate "2024.06.15"]
[EventCountry "BRA"]
[SourceTitle "playchess.com"]
[Source "ChessBase"]
[SourceQuality "1"]
[TimeControl "5400+30"]

1. c4 g6 2. g3 c5 3. Bg2 Bg7 4. Nc3 Nc6 5. Nf3 e6 6. e3 Nge7 7. O-O O-O 8. d4 cxd4 9. Nxd4 d5 10. cxd5 Nxd4 11. exd4 Nxd5 12. Nxd5 exd5 13. Qb3 Qb6 14. Be3 Be6 15. Qxb6 axb6 16. Rfc1 Rfc8 17. a3 Rc6 18. Rxc6 bxc6 19. Rc1 Bd7 20. Rc3 Re8 21. Rd3 Bf5 22. Rd1 Ra8 23. Rc1 Bd7 24. Rc3 Re8 25. Rd3 g5 26. h3 h6 27. b4 b5 28. Kf1 f5 29. f4 g4 30. h4 Kf7 1/2-1/2

[Event "8th Brazilian Open SESC Caioba 2024"]
[Site "Caioba"]
[Date "2024.06.25"]
[Round "3.9"]
[White "Casalaspro, Mathias Andre"]
[Black "Rodriguez Vila, Andres"]
[Result "1/2-1/2"]
[ECO "A45"]
[WhiteElo "2172"]
[BlackElo "2396"]
[Annotator "RC"]
[PlyCount "144"]
[EventDate "2024.06.15"]
[EventCountry "BRA"]
[SourceTitle "playchess.com"]
[Source "ChessBase"]
[SourceQuality "1"]
[TimeControl "5400+30"]

1. d4 e6 2. Nc3 Nf6 3. Bf4 Bb4 4. Qd3 c5 5. dxc5 Na6 6. a3 Nxc5 7. Qd4 Bxc3+ 8. Qxc3 b6 9. f3 d5 10. e3 O-O 11. Nh3 Bb7 12. Be2 Rc8 13. Qd2 Re8 14. O-O e5 15. Bg5 a6 16. Rad1 b5 17. c3 Qb6 18. Bh4 Rcd8 19. Bf2 Qc7 20. Bg3 Qe7 21. Rfe1 Bc8 22. Nf2 Nh5 23. Nd3 Nxg3 24. hxg3 Nb3 25. Qc2 Na5 26. Nb4 Qc5 27. Bd3 e4 28. fxe4 dxe4 29. Bf1 Rxd1 30. Qxd1 Qg5 31. Qd6 Rd8 32. Qc7 Nc4 33. Bxc4 bxc4 34. Nc6 Re8 35. Qf4 Qb5 36. Rf1 f6 37. Qd6 Qxb2 38. Ne7+ Kh8 39. Rxf6 Qxc3 40. Rf4 Qxe3+ 41. Kh2 h6 42. Nxc8 Rxc8 43. Rf8+ Rxf8 44. Qxf8+ Kh7 45. Qf5+ Kg8 46. Qc8+ Kf7 47. Qf5+ Ke7 48. Qe5+ Kd7 49. Qd5+ Kc7 50. Qxc4+ Kd6 51. Qxa6+ Kd5 52. Qb5+ Kd4 53. Qb6+ Kd3 54. Qxe3+ Kxe3 55. a4 Kf2 56. a5 e3 57. a6 e2 58. a7 e1=Q 59. a8=Q Qg1+ 60. Kh3 Qh1+ 61. Kg4 h5+ 62. Kg5 Qc1+ 63. Kxh5 Qh6+ 64. Kg4 Qg6+ 65. Kf4 Qxg3+ 66. Kf5 Qd3+ 67. Qe4 g6+ 68. Ke5 Qc3+ 69. Ke6 Qb3+ 70. Kf6 Qg3 71. Qxg6 Qxg6+ 72. Kxg6 Kxg2 1/2-1/2

[Event "8th Brazilian Open SESC Caioba 2024"]
[Site "Caioba"]
[Date "2024.06.25"]
[Round "3.10"]
[White "Schnaider, Ilan"]
[Black "Bueno, Alfeu Junior Varela"]
[Result "1/2-1/2"]
[ECO "C14"]
[WhiteElo "2395"]
[BlackElo "2140"]
[Annotator "RC"]
[PlyCount "39"]
[EventDate "2024.06.15"]
[EventCountry "BRA"]
[SourceTitle "playchess.com"]
[Source "ChessBase"]
[SourceQuality "1"]
[TimeControl "5400+30"]

1. e4 e6 2. d4 d5 3. Nc3 Nf6 4. Bg5 Be7 5. e5 Nfd7 6. h4 h6 7. Bxe7 Qxe7 8. f4 a6 9. Nf3 c5 10. Qd2 Nc6 11. g4 cxd4 12. Nxd4 Nxd4 13. Qxd4 Qc5 14. Qd2 Nb6 15. O-O-O Bd7 16. Bd3 O-O-O 17. h5 Bc6 18. Rh3 Nc4 19. Bxc4 dxc4 20. Qe3 1/2-1/2

[Event "8th Brazilian Open SESC Caioba 2024"]
[Site "Caioba"]
[Date "2024.06.25"]
[Round "3.11"]
[White "Cori T., Deysi"]
[Black "Chemin, Vitorio"]
[Result "0-1"]
[ECO "A07"]
[WhiteElo "2389"]
[BlackElo "2131"]
[Annotator "RC"]
[PlyCount "140"]
[EventDate "2024.06.15"]
[EventCountry "BRA"]
[SourceTitle "playchess.com"]
[Source "ChessBase"]
[SourceQuality "1"]
[TimeControl "5400+30"]

1. Nf3 d5 2. g3 Nf6 3. Bg2 c6 4. O-O Bf5 5. b3 e6 6. Bb2 Be7 7. d3 O-O 8. Nbd2 h6 9. e3 Nbd7 10. Qe2 a5 11. a4 Qb6 12. h3 Bh7 13. Rfe1 Qc7 14. e4 Bc5 15. e5 Ne8 16. Nf1 Bb4 17. Red1 Qd8 18. g4 Be7 19. Ng3 Nc7 20. Nh5 b5 21. Qd2 b4 22. Rf1 c5 23. Rad1 Nb6 24. Bc1 f5 25. exf6 Bxf6 26. Nxf6+ Qxf6 27. Qe2 Nd7 28. g5 hxg5 29. Bxg5 Qf5 30. Be7 Rf7 31. Bd6 Ne8 32. Bh2 Bg6 33. Ne5 Nxe5 34. Qxe5 Qxe5 35. Bxe5 Rc8 36. Rd2 Kf8 37. Re1 Ke7 38. c4 bxc3 39. Bxc3 Kd6 40. d4 cxd4 41. Bxd4 Rb7 42. Re3 Bc2 43. Bc3 Rxb3 44. Rxc2 d4 45. Bxd4 Rb1+ 46. Kh2 Rxc2 47. Be5+ Ke7 48. Be4 Rxf2+ 49. Kg3 Rbf1 50. Bd3 Nd6 51. Bxd6+ Kxd6 52. Bc4 Rf6 53. Bxf1 Rxf1 54. Rd3+ Ke7 55. Rc3 Ra1 56. Rc4 Kd6 57. Rd4+ Kc5 58. Rd7 Ra3+ 59. Kg2 Rxa4 60. Rxg7 Rh4 61. Rg6 Kd5 62. Rg5+ e5 63. Rg6 a4 64. Ra6 Rb4 65. Kf3 e4+ 66. Kf4 Kd4 67. Rd6+ Kc3 68. h4 a3 69. Ra6 Kb2 70. h5 a2 0-1

[Event "8th Brazilian Open SESC Caioba 2024"]
[Site "Caioba"]
[Date "2024.06.25"]
[Round "3.12"]
[White "Gauche, Charles"]
[Black "Matsuura, Everaldo"]
[Result "0-1"]
[ECO "A05"]
[WhiteElo "2153"]
[BlackElo "2380"]
[Annotator "RC"]
[PlyCount "96"]
[EventDate "2024.06.15"]
[EventCountry "BRA"]
[SourceTitle "playchess.com"]
[Source "ChessBase"]
[SourceQuality "1"]
[TimeControl "5400+30"]

1. Nf3 d5 2. g3 Nf6 3. Bg2 g6 4. b3 Bg7 5. Bb2 c5 6. c4 d4 7. b4 O-O 8. O-O Nfd7 9. d3 Nc6 10. bxc5 Nxc5 11. Ba3 Qa5 12. Qd2 Qb6 13. Qg5 Nb4 14. Nbd2 h6 15. Qh4 g5 16. Nxg5 hxg5 17. Qxg5 a5 18. Ne4 Nxe4 19. Bxe4 e5 20. Bc1 Qd8 21. Qh5 f5 22. Bg2 Qe8 23. Qh4 Qg6 24. a3 Nc6 25. Rb1 Bf6 26. Qh6 Qxh6 27. Bxh6 Bg7 28. Bd5+ Kh7 29. Bxg7 Kxg7 30. Rb6 Rf6 31. Rfb1 Nd8 32. Rxf6 Kxf6 33. Rb6+ Be6 34. h4 Ra6 35. Rxa6 bxa6 36. Ba8 Bd7 37. Bd5 Bc6 38. Bxc6 Nxc6 39. Kf1 e4 40. Ke1 e3 41. Kf1 a4 42. Kg2 Ne5 43. fxe3 dxe3 44. h5 Kg5 45. c5 Kxh5 46. d4 Nc4 47. d5 Kg4 48. c6 f4 0-1

[Event "8th Brazilian Open SESC Caioba 2024"]
[Site "Caioba"]
[Date "2024.06.25"]
[Round "3.13"]
[White "Umetsubo, Cesar Hidemitsu"]
[Black "Cueto, Jonny"]
[Result "1-0"]
[ECO "C41"]
[WhiteElo "2362"]
[BlackElo "2082"]
[Annotator "RC"]
[PlyCount "47"]
[EventDate "2024.06.15"]
[EventCountry "BRA"]
[SourceTitle "playchess.com"]
[Source "ChessBase"]
[SourceQuality "1"]
[TimeControl "5400+30"]

1. d4 d6 2. e4 Nf6 3. Nc3 e5 4. Nf3 Nbd7 5. Bc4 Be7 6. O-O c6 7. a4 h6 8. b3 Qc7 9. Ba3 Nf8 10. Nh4 exd4 11. Qxd4 Ne6 12. Qe3 Ng4 13. Qg3 Nd4 14. Rad1 g5 15. Nf5 Nxf5 16. exf5 Ne5 17. f6 Bf8 18. Ne4 Nxc4 19. bxc4 Be6 20. Nxd6+ Bxd6 21. Bxd6 Qa5 22. Be7 h5 23. Qd6 Rh7 24. Rd2 1-0

[Event "8th Brazilian Open SESC Caioba 2024"]
[Site "Caioba"]
[Date "2024.06.25"]
[Round "3.14"]
[White "Guimaraes, Wagner Peixoto"]
[Black "Hoffman, Alejandro"]
[Result "0-1"]
[ECO "E09"]
[WhiteElo "2145"]
[BlackElo "2355"]
[Annotator "RC"]
[PlyCount "62"]
[EventDate "2024.06.15"]
[EventCountry "BRA"]
[SourceTitle "playchess.com"]
[Source "ChessBase"]
[SourceQuality "1"]
[TimeControl "5400+30"]

1. Nf3 Nf6 2. c4 e6 3. g3 d5 4. d4 Be7 5. Bg2 O-O 6. O-O c6 7. Qc2 b6 8. Rd1 Nbd7 9. Nbd2 Bb7 10. e4 Rc8 11. e5 Ne8 12. cxd5 exd5 13. Nf1 c5 14. Qe2 Nc7 15. Ne3 Re8 16. Nf5 Bf8 17. h4 f6 18. Qd3 Ba6 19. Qb1 Be2 20. Re1 Bxf3 21. Bxf3 cxd4 22. e6 Nxe6 23. Bxd5 Ne5 24. Qe4 Kh8 25. Bxe6 Rxe6 26. Rd1 d3 27. b3 Re8 28. Bf4 Qd7 29. Ne3 Rcd8 30. Rac1 Ba3 31. Rc3 Bb2 0-1